 Dungeon Crawl Stone Soup version 0.29.1-4-g47bece8355 (webtiles) character file.

Game seed: 16775947841972482366

113 rakiston the Chiller (level 4, -13/30 HPs)
             Began as a Merfolk Ice Elementalist on Dec 7, 2022.
             Killed by an exploding shadow imp (28 damage)
             ... ignited by their inner flame
             ... on level 4 of the Dungeon on Dec 8, 2022.
             The game lasted 00:30:58 (3824 turns).

rakiston the Chiller (Merfolk Ice Elementalist)     Turns: 3824, Time: 00:30:59

Health: -13/30     AC:  4    Str:  8    XL:     4   Next: 96%
Magic:  7/9        EV: 12    Int: 16    God:
Gold:   212        SH:  0    Dex: 14    Spells: 5/9 levels left

rFire   . . .      SeeInvis +   c - +0 whip
rCold   . . .      Faith    .   (no shield)
rNeg    . . .      Spirit   .   a - +0 robe
rPois   +          Reflect  .   (no helmet)
rElec   .          Harm     .   s - +0 cloak
rCorr   .          Rampage  .   (no gloves)
Will    .....                   k - +0 pair of boots
Stlth   ++........              (no amulet)
HPRegen 0.10/turn               g - ring of see invisible
MPRegen 0.11/turn               v - ring of poison resistance

@: very slightly contaminated
A: (nimble swimmer 2), mertail
a: no special abilities


You were on level 4 of the Dungeon.
You visited 1 branch of the dungeon, and saw 4 of its levels.

You collected 212 gold pieces.

Inventory:

Hand Weapons
 c - a +0 whip (weapon)
 m - a +0 dagger
Missiles
 e - 38 stones
Armour
 a - a +0 robe (worn)
 k - a +0 pair of boots (worn)
 s - a +0 cloak (worn)
Jewellery
 g - a ring of see invisible (left hand)
 t - the ring "Xolaynoa" {rF+ Will- Int+6}
   (You found it on level 3 of the Dungeon)

   [ring of protection from fire]

   Int:       It affects your intelligence (+6).
   rF:        It protects you from fire.
   Will:      It decreases your willpower.
 v - a ring of poison resistance (right hand)
Scrolls
 f - a scroll of identify
 h - a scroll of butterflies
 i - 2 scrolls of immolation
 j - a scroll of torment {unknown}
 n - a scroll of fear {unknown}
 q - a scroll of magic mapping {unknown}
 r - a scroll of noise {unknown}
Potions
 d - a potion of ambrosia {unknown}
 l - a potion of attraction
 o - a potion of might {unknown}
 p - 2 potions of curing
 u - a potion of mutation {unknown}
 w - a potion of resistance {unknown}


   Skills:
 - Level 0.2 Maces & Flails
 + Level 2.8 Dodging
 - Level 2.1 Stealth
 + Level 3.4 Spellcasting
 + Level 5.6 Ice Magic


You had 5 spell levels left.
You knew the following spells:

 Your Spells              Type           Power      Damage    Failure   Level
a - Freeze                Ice            80%        1d9       1%          1
b - Ozocubu's Armour      Ice            20%        N/A       5%          3

Your spell library contained the following spells:

 Spells                   Type           Power      Damage    Failure   Level
 Frozen Ramparts          Ice            40%        1d7       5%          3
 Static Discharge         Conj/Air       2%         3-4/arc   26%         2
 Gell's Gravitas          Tloc           2%         N/A       47%         3
 Teleport Other           Tloc           2%         N/A       47%         3
 Hailstorm                Conj/Ice       11%        3d5       50%         4
 Lightning Bolt           Conj/Air       1%         1d12      99%         5
 Dispersal                Tloc           1%         N/A       100%        6
 Maxwell's Capacitive Co  Air            1%         ∞         100%        8


Dungeon Overview and Level Annotations

Branches:
Dungeon (4/15)
 Temple: D:4-7

Altars:

Shops:
D:3 :

Annotations:
D:3 1 runed translucent door, Crazy Yiuf


Innate Abilities, Weirdness & Mutations

((You are very nimble when in or above water. (Stealth+, EV+, Speed+++)))
Your lower body shifts to a powerful aquatic tail in water.


Message History

You freeze the shadow imp but do no damage.
The shadow imp completely resists.
The shadow imp hits you.
Casting: Freeze (safe; 1% risk of failure)
Confirm with . or Enter, or press ? or * to list all spells.
Aiming: Freeze (safe; 1% risk of failure)
Press: ? - help, Shift-Dir - straight line, f/p - shadow imp
Aim: a shadow imp (moderately wounded, inner flame)
You miscast Freeze.
You are very lightly contaminated with residual magic.
Nothing appears to happen.
The shadow imp hits you.
Okay, then.
You feel better. The shadow imp misses you. Magic courses through your body.
The shadow imp hits you.
Casting: Freeze (safe; 1% risk of failure)
Confirm with . or Enter, or press ? or * to list all spells.
Aiming: Freeze (safe; 1% risk of failure)
Press: ? - help, Shift-Dir - straight line, f/p - shadow imp
Aim: a shadow imp (moderately wounded, inner flame)
You freeze the shadow imp but do no damage.
The shadow imp completely resists.
The shadow imp barely misses you.
Casting: Freeze (safe; 1% risk of failure)
Confirm with . or Enter, or press ? or * to list all spells.
Aiming: Freeze (safe; 1% risk of failure)
Press: ? - help, Shift-Dir - straight line, f/p - shadow imp
Aim: a shadow imp (moderately wounded, inner flame)
You freeze the shadow imp but do no damage.
The shadow imp completely resists.
The shadow imp closely misses you.
Casting: Freeze (safe; 1% risk of failure)
Confirm with . or Enter, or press ? or * to list all spells.
Aiming: Freeze (safe; 1% risk of failure)
Press: ? - help, Shift-Dir - straight line, f/p - shadow imp
Aim: a shadow imp (moderately wounded, inner flame)
You freeze the shadow imp.
The shadow imp resists.
Flame seeps out of the shadow imp.
The shadow imp is heavily wounded.
The shadow imp is engulfed in blazing flames.
The shadow imp explodes!
The fiery explosion engulfs you!!
Ouch! That really hurt!
You die...

#...# #...# #...+
.+####...# ......?..#
........##### .
#§§§.##..#
..##.○@.##..#
.....§§..##.†#
.........##..#
........†....# ##+#
...##....##..##...##
.. #######.........
#######>...#..........
#.....#....##..##...##
#.<...#....##..##...#


There were no monsters in sight!

Vanquished Creatures
  5 adders
  A shadow imp (D:4)
  2 worms (D:2)
  A dart slug (D:1)
  2 orcs (D:3)
  8 ball pythons
  7 endoplasms
  7 giant cockroaches
  4 goblins
  4 hobgoblins (D:1)
  A quokka (D:2)
  7 bats
  3 frilled lizards
  4 kobolds
  A rat (D:2)
57 creatures vanquished.

Notes
Turn   | Place    | Note
-------+----------+-------------------------------------------
     0 | D:1      | rakiston the Merfolk Ice Elementalist began the quest for
                  | the Orb.
     0 | D:1      | Reached XP level 1. HP: 13/13 MP: 3/3
   376 | D:1      | Reached XP level 2. HP: 10/19 MP: 0/5
   923 | D:1      | You fall into a shaft and drop 1 floor!
  1036 | D:2      | Reached skill level 5 in Ice Magic
  1036 | D:2      | Reached XP level 3. HP: 18/24 MP: 1/6
  1392 | D:1      | Learned a level 3 spell: Ozocubu's Armour
  2181 | D:2      | Reached XP level 4. HP: 30/30 MP: 0/8
  2743 | D:3      | Found Enaydgh's Book Shop.
  2759 | D:3      | Identified the ring "Xolaynoa" {rF+ Will- Int+6}
  3216 | D:3      | Found a faded altar of an unknown god.
  3650 | D:3      | Found a runed translucent door.
  3651 | D:3      | Noticed Crazy Yiuf
  3824 | D:4      | Killed by an exploding shadow imp... ignited by their inner
                  | flame

Illustrated notes

Levels and vault maps discovered:
D:1:      nicolae_arrival_somewhat_less_tricky_arrival, layout_basic,
          nrook_uturn, minivault_5
D:2:      layout_loops_ring, pf_guarded_unrand_delatra
D:3:      minmay_general_purpose_star, layout_basic,
          ebering_ecumenical_altar_petrified, serial_shops, shop_statue,
          amethyst_killhole, uniq_crazy_yiuf_cottage
D:4:      layout_gridville, mainiacjoe_overflow_catwalk,
          mainiacjoe_overflow_divided_tiny, minmay_temple_entry_wispy

Skill      XL: |  1  2  3  4 |
---------------+-------------+-----
Ice Magic      | 5 |  5.6
Spellcasting   | 3 |  3.4
Maces & Flails | |  0.2
Dodging        | |  2.8
Stealth        | |  2.1

Action                   |  1- 3 |  4- 6 || total
-------------------------+-------+-------++-------
Melee: Whip              |    16 |     9 ||    25
       Punch             |       |     1 ||     1
 Cast: Freeze            |    50 |    49 ||    99
       Ozocubu's Armour  |     2 |       ||     2
  Use: Scroll            |     1 |     3 ||     4
       Potion            |     1 |     2 ||     3
Armor: Robe              |     7 |    10 ||    17
Dodge: Dodged            |    30 |    24 ||    54
